 Dungeon Crawl Stone Soup version 0.28-a0-172-g787e458d71 (webtiles) character file.

Game seed: 14071177224372755845

195 lunkers the Magician (level 6, -9/45 HPs)
             Began as a Djinni Ice Elementalist on Aug 12, 2021.
             Killed by nerve-wracking pain
             ... invoked by Grinder
              (12 damage)
             ... on level 4 of the Dungeon on Aug 16, 2021.
             The game lasted 00:05:22 (4213 turns).

lunkers the Magician (Djinni Ice Elementalist)      Turns: 4213, Time: 00:05:23

Health: -9/45      AC:  2    Str:  7    XL:     6   Next: 4%
Gold:   132        EV: 12    Int: 25    God:
                   SH:  0    Dex: 13

rFire   + + +      SeeInvis .   h - +0 hand axe (flame)
rCold   x . .      Faith    .   (no shield)
rNeg    . . .      Spirit   .   a - +0 robe
rPois   ∞          Reflect  .   (helmet currently unavailable)
rElec   .          Harm     .   (no cloak)
rCorr   .          Rampage  .   (no gloves)
Will    .....                   (boots unavailable)
Stlth   ++........              (no amulet)
HPRegen 0.15/turn               p - ring of protection from fire
MPRegen 0.00/turn               r - +6 ring of intelligence

@: appendages (expiring), flying
A: horns 2, flying, sickness immunity, fire resistance 2, cold vulnerability 1,
float, innate caster, hp casting, extra vitality 1
a: End Transformation


You were on level 4 of the Dungeon.
You had temporarily grown beastly horns.
You visited 1 branch of the dungeon, and saw 4 of its levels.

You collected 132 gold pieces.

Inventory:

Hand Weapons
 h - a +0 hand axe of flaming (weapon)
Armour
 a - a +0 robe (worn)
Jewellery
 p - a ring of protection from fire (left hand)
 r - a +6 ring of intelligence (right hand)
Scrolls
 e - a scroll of amnesia {unknown}
 g - a scroll of blinking {unknown}
 i - a scroll of immolation {unknown}
 j - a scroll of teleportation {unknown}
 l - a scroll of enchant armour {unknown}
 o - a scroll of magic mapping {unknown}
 q - a scroll of fog {unknown}
Potions
 b - a potion of mutation {unknown}
 c - 2 potions of resistance {unknown}
 f - 2 potions of heal wounds {unknown}
 k - a potion of flight {unknown}
 m - a potion of curing {unknown}
 n - a potion of ambrosia {unknown}


   Skills:
 + Level 2.8 Fighting
 - Level 2.1 Dodging
 - Level 1.5 Stealth
 * Level 4.7 Spellcasting


You couldn't memorise any spells.
You knew the following spells:

 Your Spells              Type           Power      Damage    Failure   Level
a - Freeze                Ice            100%       1d11      1%          1
b - Frozen Ramparts       Ice            58%        1d7       3%          3
c - Ozocubu's Armour      Ice            29%        N/A       3%          3
d - Hailstorm             Conj/Ice       29%        3d8       12%         4
e - Beastly Appendage     Tmut           58%        N/A       1%          1
f - Passwall              Tmut/Erth      24%        N/A       1%          2
Your spell library was empty.

Dungeon Overview and Level Annotations

Branches:
Dungeon (4/15)
 Temple: D:4-7

Altars:
Elyvilon
Makhleb

Shops:
D:1 ?   D:3 [

Annotations:
D:4 Grinder


Innate Abilities, Weirdness & Mutations

You have temporarily grown beastly horns.
You are flying.
You are immune to sickness and miasma.
You are immune to poison.
Your flesh is very heat resistant. (rF++)
You are vulnerable to cold. (rC-)
You float through the air rather than walking.
You learn spells naturally, not from books.
Your magical power is your life essence.
You have superior vitality. (+4 HP)


Message History

Unknown command.
Casting: Freeze (safe; 1% risk of failure)
Confirm with . or Enter, or press ? or * to list all spells.
Aiming: Freeze (safe; 1% risk of failure)
Press: ? - help, Shift-Dir - straight line, f/p - Grinder
Aim: Grinder (lightly wounded)
You freeze Grinder but do no damage.
Grinder completely resists.
* * * LOW HITPOINT WARNING * * *
Grinder completely resists.
The wall freezes Grinder but does no damage.
Grinder hits you.
* * * LOW HITPOINT WARNING * * *
You hit Grinder. You burn Grinder.
Grinder is lightly wounded.
Grinder completely resists.
The wall freezes Grinder but does no damage.
Grinder closely misses you.
Grinder resists.
The wall freezes Grinder.
Grinder misses you.
You closely miss Grinder.
Grinder is lightly wounded.
The frozen ramparts melt away.
Grinder gestures at you. Pain shoots through your body!
* * * LOW HITPOINT WARNING * * *
Okay, then.
Okay, then.
As you read the scroll labelled JIROSK OBBU, it crumbles to dust.
You assume a fearsome visage.
Grinder is unaffected.
It was a scroll of fear.
Grinder says, "Tell me all your secrets, or I'll kill you."
Grinder hits you.
* * * LOW HITPOINT WARNING * * *
Your icy armour will break if you move.
Continue? [Y]es or [N]o only, please.
Your icy armour will break if you move.
Continue?
Okay, then.
Your icy armour will break if you move.
Continue?
Your icy armour cracks and falls away as you move.
Grinder gestures at you. Pain shoots through your body!
You die... ......#......### #.............# #..<.....# #......### ## .....##.### ##.. ....####..###...# P.P

#.......## ♣.
###.#).....#
♣P.##....@.....#
...............#
.#......#5.....#
.......#>#..####
.###....# ..#
#.... ..# #...
..# #... ### ###


You could see Grinder.

Vanquished Creatures
  A scorpion (D:2)
  A jelly (D:4)
  A gnoll (D:4)
  2 adders
  A worm (D:2)
  3 dart slugs
  3 orcs
  5 bats
  8 endoplasms
  A giant cockroach (D:1)
  9 goblins
  3 hobgoblins (D:2)
  7 jackals
  3 kobolds
  2 quokkas (D:2)
  4 ball pythons
  2 frilled lizards
  6 rats
62 creatures vanquished.

Vanquished Creatures (others)
  A plant (D:4)
1 creature vanquished.

Grand Total: 63 creatures vanquished

Notes
Turn   | Place    | Note
-------+----------+-------------------------------------------
     0 | D:1      | lunkers the Djinni Ice Elementalist began the quest for the
                  | Orb.
     0 | D:1      | Reached XP level 1. HP: 15/15 MP: 0/0
    69 | D:1      | Found a faded altar of an unknown god.
   251 | D:1      | Reached XP level 2. HP: 18/22 MP: 0/0
   422 | D:1      | Reached skill level 1 in Fighting
   844 | D:1      | Found Docre's Magic Scroll Shoppe.
  1038 | D:1      | Reached XP level 3. HP: 23/27 MP: 0/0
  1038 | D:1      | Learned a level 1 spell: Beastly Appendage
  1319 | D:1      | You are sucked into a shaft and drop 1 floor!
  1639 | D:2      | Upgraded the game from 0.28-a0-114-g2bf3c13a2f to
                  | 0.28-a0-172-g787e458d71
  2003 | D:2      | Reached XP level 4. HP: 29/32 MP: 0/0
  2017 | D:2      | Reached skill level 4 in Spellcasting
  2148 | D:2      | Noticed a scorpion
  2156 | D:2      | Killed a scorpion
  2157 | D:2      | Reached XP level 5. HP: 29/38 MP: 0/0
  2157 | D:2      | Learned a level 2 spell: Passwall
  2864 | D:3      | Found Gizai's Antique Armour Boutique.
  2989 | D:2      | HP: 1/39 [orc (2)]
  3396 | D:3      | Found a white marble altar of Elyvilon.
  3738 | D:3      | Found a burning altar of Makhleb.
  3975 | D:4      | Reached XP level 6. HP: 13/45 MP: 0/0
  4189 | D:4      | Noticed Grinder
  4212 | D:4      | HP: 2/45 [Grinder (6)]
  4213 | D:4      | Killed from afar by Grinder

Illustrated notes

Levels and vault maps discovered:
D:1:      tarquinn_simple_flora_water_f, layout_basic, serial_shops, shop,
          hellmonk_ecumenical_altar_prayer_group
D:2:      layout_basic
D:3:      layout_loops_corners, nicolae_overflow_hidden_temple,
          elyvilon_altar_5, serial_shops, shop, roderic_roman_lattice
D:4:      layout_rooms, serial_forest, infiniplex_forest_clump_cross,
          infiniplex_forest_end_3, infiniplex_forest_lined_corner,
          infiniplex_forest_lined_4_way, infiniplex_forest_pool,
          infiniplex_forest_zigzag_1, infiniplex_forest_clump_double,
          infiniplex_forest_lined_room_2, infiniplex_forest_lined_3,
          st_stairs_14, uniq_duvessa, uniq_grinder, uniq_edmund

Skill      XL: |  1  2  3  4 |
---------------+-------------+-----
Fighting       | 1 2 |  2.8
Spellcasting   | 4 |  4.7
Dodging        | |  2.1
Stealth        | |  1.5

Action                   |  1- 3 |  4- 6 || total
-------------------------+-------+-------++-------
Melee: Hand axe          |       |     2 ||     2
 Cast: Freeze            |    60 |    49 ||   109
       Frozen Ramparts   |       |     4 ||     4
       Ozocubu's Armour  |       |     3 ||     3
       Beastly Appendage |       |     1 ||     1
  Use: Scroll            |       |     1 ||     1
Armor: Robe              |    11 |     2 ||    13
Dodge: Dodged            |    32 |    19 ||    51

Table legend: (Time is in decaauts)
 A = Elapsed time spent in this place.
 B = Non-inter-level travel time spent in this place.
 C = Inter-level travel time spent in this place.
 D = Time resting spent in this place.
 E = Time spent auto-exploring this place.
 F = Levels seen in this place.
 G = Mean time per level.
                   A        B        C        D        E       F      G
               +--------+--------+--------+--------+--------+-----+--------+
         Total |   4212 |   4120 |     92 |    289 |   3407 |   4 | 1053.0 |
       Dungeon |   4212 |   4120 |     92 |    289 |   3407 |   4 | 1053.0 |
               +--------+--------+--------+--------+--------+-----+--------+

Top non-repeatable levels by time:
     D:2: 1541 daAuts
     D:1: 1319 daAuts
     D:3: 1103 daAuts
     D:4: 248 daAuts
